 Dungeon Crawl Stone Soup version 0.22.0 (webtiles) character file.

7958 CyclopB the Basher (level 11, -1/92 HPs)
             Began as a Troll Gladiator on Dec 24, 2018.
             Was a Priest of Wu Jian.
             Slain by a cacodemon (16 damage)
             ... on level 2 of the Abyss.
             The game lasted 01:23:46 (11843 turns).

CyclopB the Basher (Troll Gladiator)               Turns: 11843, Time: 01:23:48

Health: -1/92      AC:  9    Str: 25    XL:     11   Next: 3%
Magic:  0/10       EV: 16    Int:  4    God:    Wu Jian [***...]
Gold:   606        SH:  0    Dex: 13    Spells: 10/10 levels left

rFire    . . .     SeeInvis .   I - +3 mace (holy)
rCold    . . .     Gourm    +   (no shield)
rNeg     + . .     Faith    .   b - +1 robe
rPois    .         Spirit   +   c - +0 hat
rElec    .         Reflect  .   B - +2 cloak {+Inv}
rCorr    .         Harm     .   (gloves unavailable)
MR       .....                  (boots unavailable)
Stlth    +.........             h - amulet of guardian spirit
HPRegen  0.65/turn              x - ring of positive energy
MPRegen  0.12/turn              p - +3 ring of evasion

@: lethally poisoned (-1 -> -8), hasted, silenced, very quick
A: large, unfitting armour, claws 3, fast metabolism 3, gourmand, regeneration
1, shaggy fur 1, tough skin 2
a: Wall Jump, Renounce Religion, Evoke Invisibility


You were on level 2 of the Abyss.
You worshipped Wu Jian.
Wu Jian was most pleased with you.
You were not hungry.

You visited 2 branches of the dungeon, and saw 10 of its levels.
You visited the Abyss 1 time.
You also visited: Sewer.

You collected 606 gold pieces.

Inventory:

Hand Weapons
 H - a +0 giant spiked club
 I - a +3 mace of holy wrath (weapon)
 J - a +1 giant club
 O - a +1 mace of protection
Missiles
 d - 3 throwing nets
 e - 145 stones (quivered)
 M - 2 tomahawks
Armour
 b - a +1 robe (worn)
 c - a +0 hat (worn)
 B - a +2 cloak of invisibility (worn)
Jewellery
 a - an uncursed ring of wizardry {unknown}
 h - an amulet of guardian spirit (around neck)
 p - a +3 ring of evasion (right claw)
 s - an uncursed amulet of the gourmand
 x - a ring of positive energy (left claw)
 D - an uncursed ring of resist corrosion
 E - an uncursed amulet of rage
 G - an uncursed ring of fire {unknown}
 L - an uncursed amulet of the acrobat {unknown}
 P - a +2 ring of intelligence {unknown}
Wands
 q - a wand of paralysis (25)
 v - a wand of enslavement (19)
 K - a wand of digging (7)
 N - a wand of flame (64)
Scrolls
 i - 4 scrolls of identify
 m - 5 scrolls of teleportation
 n - 2 scrolls of fear
 o - a scroll of noise {unknown}
 r - 3 scrolls of fog
 t - a scroll of enchant weapon
 w - a scroll of enchant armour
 y - 2 scrolls of amnesia
 C - a scroll of magic mapping {unknown}
 F - 2 scrolls of blinking {unknown}
Potions
 g - a potion of flight
 j - a potion of ambrosia {unknown}
 k - 3 potions of curing
 l - a potion of might
Comestibles
 f - 18 rations


   Skills:
 - Level 1.5 Fighting
 - Level 14.0 Maces & Flails
 - Level 2.0 Throwing
 + Level 6.0 Dodging
 - Level 1.1 Evocations


You had 10 spell levels left.
You didn't know any spells.
Your spell library contained the following spells:

 Spells                   Type           Power        Failure   Level  Hunger
 Confuse                  Hex            #.......     86%         3    ####...
 Stone Arrow              Conj/Erth      #.....       86%         3    ####...
 Confusing Touch          Hex            #.....       50%         1    ##.....
 Passwall                 Tmut/Erth      #.......     65%         2    ###....
 Metabolic Englaciation   Hex/Ice        #.........   100%        5    ######.
 Lee's Rapid Deconstruct  Erth           #.........   100%        5    ######.
 Sandblast                Erth           #.....       50%         1    ##.....
 Petrify                  Tmut/Erth      #.......     99%         4    #####..
 Gell's Gravitas          Tloc           #.........   86%         3    ####...
 Yara's Violent Unravell  Hex/Tmut       #.........   100%        5    ######.


Dungeon Overview and Level Annotations

Branches:
Dungeon (9/15)             Temple (1/1) D:4
   Lair: D:8-11         Orc: D:9-12

Altars:
Ashenzari
Cheibriados
Dithmenos
Elyvilon
Fedhas
Gozag
Hepliaklqana
Kikubaaqudgha
Makhleb
Nemelex Xobeh
Okawaru
Qazlal
Ru
Sif Muna
Trog
Uskayaw
Vehumet
Wu Jian
Xom
Yredelemnul
Zin
The Shining One

Annotations:
D:9 Erolcha


Innate Abilities, Weirdness & Mutations

You are too large for most types of armour.
You have claws for hands.
Your metabolism is lightning-fast.
You like to eat raw meat.
Your natural rate of healing is unusually fast.
You are covered in fur. (AC +1)
You have very tough skin. (AC +2)


Message History

A large abomination comes into view.
The sixfirhy hits you. The sixfirhy shocks you!
The sixfirhy closely misses you. The cacodemon misses you.
The cacodemon closely misses you. The orange demon stings you from afar.
You are poisoned.
The orange demon poisons you! The sixfirhy hits you!
* * * LOW HITPOINT WARNING * * *
The sixfirhy shocks you!
* * * LOW HITPOINT WARNING * * *
A freezing wraith comes into view.
Okay, then.
Okay, then.
Unknown command.
You spin and attack the cacodemon.
You sock the cacodemon!
The cacodemon convulses.
The cacodemon is lightly wounded.
You feel sick.
A cacodemon comes into view.
An orange demon comes into view.
The cacodemon hits you!!
You die...

####..≈≈≈##
#W.. # .. ..≈≈
#..#..#.#.# .
. #.#.#3§.# #
. #....#.#
#...# . ###.
#...## ....#
##.#.#.....#
#.2.3# ##@.##
#.≈≈≈.##4.....
#.##≈≈≈ #X#2..
#.≈≈≈ ... .
###≈≈ ... ..≈
.... ..>≈ W#4
#.##


You could see 2 cacodemons, 2 orange demons, a large abomination and a sixfirhy
(pinned).

Vanquished Creatures
  A hellion (Abyss:2)
  2 hornets (D:8)
  A large abomination (Abyss:2)
  Sigmund (D:4)
  A wyvern (D:9)
  4 wraiths (D:8)
  2 yaks
  A human (D:6)
  3 hogs (D:7)
  4 vampire mosquitoes (D:8)
  2 hungry ghosts
  2 black bears
  2 orc warriors
  An ice beast (D:6)
  2 sky beasts
  A phantom (D:8)
  A necrophage (D:8)
  4 ogres
  4 small abominations (Abyss:2)
  2 centaurs (D:6)
  A crocodile (D:9)
  A big kobold (D:9)
  A wyvern zombie (D:6)
  3 bullfrogs
  A wyvern skeleton (D:6)
  2 scorpions (D:6)
  6 killer bees
  10 wights
  2 howler monkeys
  4 crimson imps
  2 quasits
  4 bullfrog zombies (D:6)
  A jelly (D:5)
  4 orc priests
  A centaur skeleton (D:4)
  3 hounds
  2 bullfrog skeletons
  4 human zombies (D:8)
  3 orc wizards
  Crazy Yiuf (D:4)
  An iron imp (Abyss:2)
  2 human skeletons (D:8)
  Jessica (D:2)
  6 worker ants
  Terence (D:3)
  Natasha (thrice) (D:4)
  4 iguanas
  2 hound zombies
  A hound skeleton (D:6)
  A mummy (D:8)
  A worker ant zombie (D:6)
  A howler monkey zombie (D:5)
  3 gnolls (D:5)
  12 adders
  2 shadow imps
  2 ufetubi (Abyss:2)
  An ooze (D:2)
  2 adder skeletons
  An adder zombie (D:6)
  A worm (D:3)
  3 leopard geckos
  19 orcs
  4 giant cockroaches
  6 goblins
  7 hobgoblins
  10 jackals
  18 kobolds
  2 quokkas (D:4)
  9 ball pythons
  3 bats (D:2)
  6 frilled lizards
  11 rats
  A butterfly (D:4)
  A plant (Sewer)
245 creatures vanquished.

Vanquished Creatures (others)
  2 fungi (D:4)
2 creatures vanquished.

Grand Total: 247 creatures vanquished

Notes
Turn   | Place    | Note
-------+----------+-------------------------------------------
     0 | D:1      | CyclopB the Troll Gladiator began the quest for the Orb.
     0 | D:1      | Reached XP level 1. HP: 19/19 MP: 0/0
   139 | D:1      | Reached skill level 3 in Maces & Flails
   305 | D:1      | Reached XP level 2. HP: 27/27 MP: 1/1
  1271 | D:2      | Noticed Jessica
  1273 | D:2      | Reached XP level 3. HP: 32/33 MP: 2/2
  1335 | D:2      | Killed Jessica
  1335 | D:2      | Reached skill level 4 in Maces & Flails
  1678 | D:3      | Reached XP level 4. HP: 19/41 MP: 3/3
  1749 | D:3      | Found a glowing drain.
  1879 | D:3      | Reached skill level 5 in Maces & Flails
  1933 | D:3      | Noticed Terence
  1995 | D:3      | Killed Terence
  1995 | D:3      | Reached XP level 5. HP: 24/48 MP: 4/4
  2007 | Sewer    | Entered a sewer
  3434 | D:4      | Found a staircase to the Ecumenical Temple.
  3441 | Temple   | Entered the Ecumenical Temple
  3522 | Temple   | Became a worshipper of the Wu Jian Council
  3624 | D:4      | Reached skill level 6 in Maces & Flails
  3642 | D:4      | Noticed Sigmund
  3827 | D:5      | Entered Level 5 of the Dungeon
  3879 | D:5      | Reached XP level 6. HP: 16/55 MP: 2/5
  4302 | D:5      | Reached skill level 7 in Maces & Flails
  4670 | D:5      | Reached XP level 7. HP: 59/62 MP: 6/6
  5489 | D:6      | Reached * piety under Wu Jian
  5546 | D:6      | Reached skill level 8 in Maces & Flails
  5818 | D:6      | Reached XP level 8. HP: 70/70 MP: 7/7
  6119 | D:6      | Reached skill level 9 in Maces & Flails
  6539 | D:6      | Reached skill level 10 in Maces & Flails
  6734 | D:7      | Reached ** piety under Wu Jian
  6734 | D:7      | Reached XP level 9. HP: 54/76 MP: 5/8
  7286 | D:7      | Reached skill level 11 in Maces & Flails
  7324 | D:7      | Noticed a two-headed ogre
  7469 | D:4      | Killed Sigmund
  7671 | D:4      | Noticed Natasha
  7685 | D:4      | Killed Natasha
  7706 | D:4      | Noticed Natasha
  7722 | D:4      | Killed Natasha
  7736 | D:4      | Noticed Natasha
  7749 | D:4      | Killed Natasha
  8024 | D:4      | Found a runed door.
  8035 | D:4      | Noticed Crazy Yiuf
  8038 | D:4      | Killed Crazy Yiuf
  8368 | D:7      | Reached skill level 12 in Maces & Flails
  9187 | D:8      | Reached XP level 10. HP: 28/85 MP: 1/9
  9377 | D:8      | Reached *** piety under Wu Jian
  9803 | D:8      | Reached skill level 13 in Maces & Flails
  9884 | D:8      | Found an ancient bone altar of Kikubaaqudgha.
 10474 | D:8      | Paralysed by a hornet for 2 turns
 10487 | D:8      | Paralysed by a hornet for 3 turns
 10497 | D:8      | Reached skill level 14 in Maces & Flails
 10938 | D:9      | Reached skill level 1 in Evocations
 11283 | D:9      | Found an iron altar of Okawaru.
 11450 | D:9      | Noticed Erolcha
 11451 | D:9      | Reached skill level 5 in Dodging
 11453 | D:9      | Cast into level 2 of the Abyss (Erolcha)
 11612 | Abyss:2  | Noticed a tentacled starspawn
 11625 | Abyss:2  | Reached XP level 11. HP: 67/92 MP: 7/10
 11752 | Abyss:2  | Noticed a cyan very ugly thing
 11756 | Abyss:2  | Noticed a wretched star
 11838 | Abyss:2  | Noticed a cacodemon
 11841 | Abyss:2  | Noticed a sixfirhy
 11842 | Abyss:2  | Noticed a large abomination
 11843 | Abyss:2  | Noticed a cacodemon
 11843 | Abyss:2  | Slain by a cacodemon

Skill      XL: |  1  2  3  4  5  6  7  8  9 10 11 |
---------------+----------------------------------+-----
Maces & Flails | 3 4 5 6 7 8 10 12 14 | 14.0
Throwing       | 2 |  2.0
Dodging        | 4 5 6 |  6.0
Evocations     | 1 |  1.1
Fighting       | |  1.5

Action                   |  1- 3 |  4- 6 |  7- 9 | 10-12 || total
-------------------------+-------+-------+-------+-------++-------
Melee: Flail             |    58 |   131 |       |       ||   189
       Whip              |       |   253 |   579 |       ||   832
       Mace              |       |       |   133 |   382 ||   515
Throw: Tomahawk          |     5 |       |    12 |     6 ||    23
       Stone             |     1 |    69 |   112 |    72 ||   254
Invok: Lunge             |       |    12 |    44 |    30 ||    86
       Whirlwind         |       |       |    38 |    56 ||    94
       Wall Jump         |       |       |     7 |       ||     7
       Serpent's Lash    |       |       |       |     3 ||     3
 Abil: Evoke Invisibilit |       |       |     1 |     1 ||     2
Evoke: Wand              |       |       |     1 |     7 ||     8
  Use: Scroll            |       |     2 |     7 |     9 ||    18
       Potion            |       |     1 |    16 |     3 ||    20
 Stab: Sleeping          |     1 |       |     1 |       ||     2
       Invisible         |       |       |       |     2 ||     2
  Eat: Chunk             |    15 |    34 |    38 |    21 ||   108
       Ration            |       |       |     1 |     3 ||     4
Armor: Robe              |    22 |   103 |   131 |    52 ||   308
Dodge: Dodged            |    18 |   150 |   288 |   163 ||   619
